 Dungeon Crawl Stone Soup version 0.28.0-43-g3370ac3207 (webtiles) character file.

Game seed: 16852890052765974491

8810 tizbic2 the Frost Mage (level 11, -24/84 HPs)
             Began as a Barachi Ice Elementalist on Mar 19, 2022.
             Was an Elder of Vehumet.
             Annihilated by a shadow (26 damage)
             ... on level 10 of the Dungeon.
             The game lasted 01:09:11 (10144 turns).

tizbic2 the Frost Mage (Barachi Ice Elementalist)  Turns: 10144, Time: 01:09:12

Health: -24/84     AC: 11    Str: 11    XL:     11   Next: 36%
Magic:  16/24      EV: 11    Int: 21    God:    Vehumet [****..]
Gold:   701        SH:  8    Dex: 12    Spells: 0/28 levels left

rFire   . . .      SeeInvis .   m - staff of air
rCold   + . .      Faith    .   l - +3 buckler
rNeg    . . .      Spirit   .   g - +2 leather armour {rF+}
rPois   .          Reflect  .   (no helmet)
rElec   +          Harm     .   F - +1 cloak
rCorr   .          Rampage  .   k - +2 pair of gloves
Will    .....                   (no boots)
Stlth   ++........              d - amulet of magic regeneration
HPRegen 0.24/turn               e - ring of wizardry
MPRegen 0.59/turn               B - ring of ice

@: sluggish, freezing walls, very slightly contaminated, very slow
A: amphibious, slowness 1, strong legs 1, +LOS, clever 1, MP-powered wands
a: Hop, Renounce Religion


You were on level 10 of the Dungeon.
You worshipped Vehumet.
Vehumet was greatly pleased with you.
You visited 2 branches of the dungeon, and saw 11 of its levels.

You collected 701 gold pieces.

Inventory:

Hand Weapons
 h - a +4 dagger of speed
 D - a +4 dagger of freezing
Missiles
 b - 6 javelins
 A - 80 stones
Armour
 a - a +0 kite shield
 g - a +2 leather armour of fire resistance (worn)
 k - a +2 pair of gloves (worn)
 l - a +3 buckler (worn)
 s - a +0 chain mail
 F - a +1 cloak (worn)
 I - a +1 chain mail of cold resistance
Magical Staves
 m - a staff of air (weapon)
 w - a staff of fire
Jewellery
 d - an amulet of magic regeneration (around neck)
 e - a ring of wizardry (left hand)
 o - a ring of wizardry
 B - a ring of ice (right hand)
 H - a ring of see invisible
Wands
 q - a wand of polymorph (2)
 t - a wand of mindburst (25)
 E - a wand of paralysis (3)
Scrolls
 c - 3 scrolls of enchant armour
 u - 4 scrolls of fog
 y - 4 scrolls of fear
 C - a scroll of enchant weapon
 G - a scroll of teleportation
Potions
 f - 2 potions of attraction {unknown}
 i - a potion of mutation
 j - a potion of flight {unknown}
 n - 2 potions of heal wounds {unknown}
 p - 3 potions of lignification
 r - 2 potions of magic {unknown}
 x - a potion of might
 z - a potion of degeneration {unknown}


   Skills:
 + Level 7.3 Fighting
 * Level 5.4 Armour
 - Level 2.2 Dodging
 - Level 1.8 Stealth
 * Level 6.3 Shields
 - Level 9.2 Spellcasting
 - Level 5.0 Conjurations
 - Level 11.6 Ice Magic
 - Level 5.1 Air Magic
 + Level 1.4 Poison Magic


You couldn't memorise any spells.
You knew the following spells:

 Your Spells              Type           Power      Damage    Failure   Level
a - Freeze                Ice            100%       1d11      1%          1
b - Frozen Ramparts       Ice            100%       1d12      1%          3
c - Ozocubu's Armour      Ice            73%        N/A       1%          3
d - Hailstorm             Conj/Ice       61%        3d13      1%          4
e - Poisonous Vapours     Pois/Air       70%        N/A       1%          2
f - Mephitic Cloud        Conj/Pois/Air  39%        N/A       1%          3
g - Shock                 Conj/Air       100%       1d9       1%          1
h - Swiftness             Air            47%        N/A       1%          3
i - Sandblast             Erth           18%        2d7       1%          1
j - Ignite Poison         Fire/Tmut/Pois 11%        N/A       3%          3
k - Olgreb's Toxic Radia  Pois           15%        N/A       7%          4

Your spell library contained the following spells:

 Spells                   Type           Power      Damage    Failure   Level
 Magic Dart               Conj           100%       1d8       1%          1
 Airstrike                Air            23%        N/A       1%          4
 Corpse Rot               Necr/Air       60%        N/A       2%          2
 Call Imp                 Summ           9%         N/A       7%          2
 Portal Projectile        Hex/Tloc       18%        N/A       14%         3
 Blade Hands              Tmut           4%         N/A       75%         5
 Excruciating Wounds      Necr           4%         N/A       75%         5


Dungeon Overview and Level Annotations

Branches:
Dungeon (10/15)            Temple (1/1) D:5             Orc (0/2) D:10
   Lair: D:8-11

Altars:
Ashenzari
Cheibriados
Dithmenos
Elyvilon
Fedhas
Gozag
Hepliaklqana
Kikubaaqudgha
Makhleb
Nemelex Xobeh
Okawaru
Qazlal
Ru
Sif Muna
Trog
Uskayaw
Vehumet
Wu Jian
Xom
Yredelemnul
Zin
The Shining One

Shops:
D:5 !

Annotations:
D:6 PerfectTommy's ghost, novice MiAK
D:9 exclusion: obsidian statue


Innate Abilities, Weirdness & Mutations

You are amphibious.
You cover ground slowly.
You can hop short distances.
You have an extended range of vision and can be seen from far away.
Your mind is acute. (Int +2)
You expend magic power (3 MP) to strengthen your wands.


Message History

* * * LOW HITPOINT WARNING * * *
Casting: Shock (safe; 1% risk of failure)
Confirm with . or Enter, or press ? or * to list all spells.
Aiming: Shock (safe; 1% risk of failure)
Press: ? - help, Shift-Dir - straight line You feel a surge of power!
The zap misses the shadow. x2
The shadow completely resists.
The wall freezes the shadow but does no damage.
The shadow hits you.
* * * LOW HITPOINT WARNING * * *
It was a potion of mutation.
You feel extremely strange.
You feel your magical essence link to the dungeon's wands.
You feel clever.
The shadow completely resists.
The wall freezes the shadow but does no damage.
You block the shadow's attack.
Casting: Shock (safe; 1% risk of failure)
Confirm with . or Enter, or press ? or * to list all spells.
Aiming: Shock (safe; 1% risk of failure)
Press: ? - help, Shift-Dir - straight line You feel a surge of power!
The zap hits the shadow.
The shadow is almost destroyed.
The zap misses the shadow.
The shadow completely resists.
The wall freezes the shadow but does no damage.
The shadow slips into darkness.
The shadow flickers and vanishes!
Deactivating autopickup; reactivate with Ctrl-A.
Casting: Shock (safe; 1% risk of failure)
Confirm with . or Enter, or press ? or * to list all spells.
Okay, then.
Casting: Shock (safe; 1% risk of failure)
Confirm with . or Enter, or press ? or * to list all spells.
Aiming: Shock (safe; 1% risk of failure)
Press: ? - help, Shift-Dir - straight line You feel a surge of power!
The zap hits something but does no damage.
You start to feel a little faster.
The wall freezes something but does no damage.
The shadow strikes at you from the darkness!
You die...

#.....)>####..#
#.....).# ..#
#.......# ..#
#.......# ..#
#.......####..#####
#..###.............
#..# #.............
#{)# #.............
#.@###.......>.....
#..................
#..................
#..###.............
#..# #.............
#..# #.............
#..# #..#########..
#..# #..# #..
#..###..#########..


There were no monsters in sight!

Vanquished Creatures
  2 two-headed ogres
  An ugly thing (D:7)
  A hornet (D:10)
  A wraith (D:10)
  3 shadows
  A human (D:9)
  2 wyverns
  11 yaks
  4 hogs (D:9)
  2 steam dragons
  A water moccasin (D:7)
  A sky beast (D:5)
  An orc warrior (D:10)
  2 ice beasts (D:6)
  4 necrophages
  6 centaurs
  2 phantoms (D:10)
  2 kobold brigands
  3 bullfrogs
  2 scorpions
  A water moccasin zombie (D:5)
  3 troll zombies (D:10)
  3 killer bees (D:9)
  3 wights (D:8)
  An electric eel (D:10)
  2 howler monkeys (D:8)
  A bullfrog zombie (D:5)
  2 centaur zombies
  A jelly (D:5)
  2 hounds (D:5)
  A centaur skeleton (D:5)
  6 orc priests
  Ijyb (D:5)
  3 gnoll shamans
  4 iguanas
  Natasha (thrice) (D:3)
  9 orc wizards
  3 ogre zombies (D:10)
  2 howler monkey zombies
  A mummy (D:5)
  3 adders
  8 gnolls
  2 white imps (D:7)
  3 dart slugs
  31 orcs
  9 ball pythons
  10 endoplasms
  3 giant cockroaches
  11 hobgoblins
  16 kobolds
  2 quokkas (D:1)
  7 bats
  3 frilled lizards (D:1)
  3 goblin zombies (D:10)
  3 hobgoblin skeletons (D:10)
  4 hobgoblin zombies
  3 orc skeletons (D:10)
  10 orc zombies
  7 rats
242 creatures vanquished.

Vanquished Creatures (others)
  5 dream sheep (D:5)
  Eustachio (D:5)
6 creatures vanquished.

Grand Total: 248 creatures vanquished

Notes
Turn   | Place    | Note
-------+----------+-------------------------------------------
     0 | D:1      | tizbic2 the Barachi Ice Elementalist began the quest for
                  | the Orb.
     0 | D:1      | Reached XP level 1. HP: 13/13 MP: 3/3
    73 | D:1      | Reached skill level 5 in Ice Magic
   148 | D:1      | Reached XP level 2. HP: 12/20 MP: 1/5
   446 | D:1      | Reached skill level 1 in Fighting
   501 | D:1      | Reached XP level 3. HP: 17/26 MP: 5/7
   812 | D:1      | Learned a level 3 spell: Frozen Ramparts
   818 | D:1      | Learned a level 3 spell: Ozocubu's Armour
  1531 | D:2      | Found a blossoming altar of Fedhas.
  1901 | D:2      | Found a faded altar of an unknown god.
  1915 | D:2      | Reached XP level 4. HP: 32/32 MP: 6/8
  2042 | D:2      | Reached skill level 1 in Shields
  2339 | D:3      | Reached skill level 1 in Armour
  2339 | D:3      | Reached XP level 5. HP: 32/38 MP: 7/10
  2585 | D:3      | Noticed Natasha
  2593 | D:3      | Killed Natasha
  2594 | D:3      | Reached skill level 6 in Ice Magic
  2886 | D:3      | Found a bloodstained altar of Trog.
  2974 | D:3      | Learned a level 4 spell: Hailstorm
  3014 | D:3      | Found an ancient bone altar of Kikubaaqudgha.
  3075 | D:3      | Noticed Natasha
  3080 | D:3      | Reached XP level 6. HP: 34/44 MP: 8/11
  3084 | D:3      | Killed Natasha
  3374 | D:3      | Noticed Natasha
  3379 | D:3      | Killed Natasha
  3741 | D:4      | Noticed a necrophage
  3752 | D:4      | Killed a necrophage
  3753 | D:4      | Reached XP level 7. HP: 41/51 MP: 5/13
  4040 | D:5      | Entered Level 5 of the Dungeon
  4062 | D:5      | Reached skill level 7 in Ice Magic
  4153 | D:5      | Noticed Ijyb
  4161 | D:5      | Killed Ijyb
  4173 | D:5      | Found a burning altar of Makhleb.
  4185 | D:5      | Reached skill level 5 in Spellcasting
  4188 | D:5      | Reached XP level 8. HP: 52/58 MP: 9/15
  4190 | D:5      | Found a staircase to the Ecumenical Temple.
  4206 | Temple   | Entered the Ecumenical Temple
  4282 | Temple   | Became a worshipper of Vehumet
  4451 | D:5      | Reached skill level 8 in Ice Magic
  4599 | D:5      | Found a glowing silver altar of Zin.
  4792 | D:5      | Found Rinuybroust's Distillery.
  4817 | D:5      | Noticed Eustachio
  4820 | D:5      | Noticed a dream sheep
  4820 | D:5      | Noticed a dream sheep
  4820 | D:5      | Noticed a dream sheep
  4820 | D:5      | Noticed a dream sheep
  4820 | D:5      | Noticed a dream sheep
  4820 | D:5      | Found a shimmering altar of Xom.
  4824 | D:5      | Killed a dream sheep
  4824 | D:5      | Killed a dream sheep
  4824 | D:5      | Killed a dream sheep
  4824 | D:5      | Killed Eustachio
  4825 | D:5      | Killed a dream sheep
  4826 | D:5      | Killed a dream sheep
  4961 | D:5      | Learned a level 2 spell: Poisonous Vapours
  5166 | D:6      | Reached skill level 1 in Air Magic
  5181 | D:6      | Learned a level 3 spell: Mephitic Cloud
  5339 | D:6      | Learned a level 1 spell: Shock
  5366 | D:6      | Found a transporter.
  5370 | D:6      | Noticed a yak
  5370 | D:6      | Noticed PerfectTommy's ghost (novice MiAK)
  5373 | D:6      | Found a transporter.
  5454 | D:6      | HP: 1/61 [iguana (12)]
  5798 | D:6      | Reached skill level 1 in Conjurations
  5798 | D:6      | Reached XP level 9. HP: 66/66 MP: 16/18
  5836 | D:6      | Found a glowing golden altar of the Shining One.
  6004 | D:6      | Learned a level 3 spell: Swiftness
  6027 | D:7      | Reached * piety under Vehumet
  6027 | D:7      | Offered knowledge of Sandblast by Vehumet.
  6054 | D:7      | Noticed a green ugly thing
  6063 | D:7      | Reached skill level 9 in Ice Magic
  6066 | D:7      | Killed a green ugly thing
  6067 | D:7      | Reached skill level 5 in Fighting
  6421 | D:7      | Learned a level 1 spell: Sandblast
  6421 | D:7      | Found a sparkling altar of Nemelex Xobeh.
  6472 | D:7      | Reached skill level 5 in Armour
  6847 | D:8      | Offered knowledge of Static Discharge by Vehumet.
  6882 | D:8      | Reached ** piety under Vehumet
  6883 | D:8      | Reached skill level 10 in Ice Magic
  6895 | D:8      | Reached XP level 10. HP: 62/75 MP: 10/21
  7609 | D:9      | Noticed a two-headed ogre
  7613 | D:9      | Killed a two-headed ogre
  7794 | D:9      | Reached skill level 5 in Shields
  7862 | D:9      | Reached skill level 11 in Ice Magic
  8000 | D:9      | Found an iron altar of Okawaru.
  8100 | D:9      | Reached XP level 11. HP: 61/83 MP: 8/23
  8286 | D:9      | Noticed an obsidian statue
  8292 | D:9      | Identified the ring "Ysur" {+Blink rC+ rN++ Int-5}
  8939 | D:10     | Entered Level 10 of the Dungeon
  8949 | D:10     | Offered knowledge of Ignite Poison by Vehumet.
  8954 | D:10     | Learned a level 3 spell: Ignite Poison
  9116 | D:10     | Found an opulent altar of Gozag.
  9190 | D:10     | Reached *** piety under Vehumet
  9404 | D:10     | Found a staircase to the Orcish Mines.
  9484 | D:10     | Reached skill level 5 in Air Magic
  9701 | D:10     | Offered knowledge of Olgreb's Toxic Radiance by Vehumet.
  9766 | D:10     | Learned a level 4 spell: Olgreb's Toxic Radiance
  9961 | D:10     | Reached skill level 5 in Conjurations
  9989 | D:10     | Reached **** piety under Vehumet
 10096 | D:10     | Noticed a two-headed ogre
 10138 | D:10     | Killed a two-headed ogre
 10139 | D:10     | Reached skill level 1 in Poison Magic
 10141 | D:10     | HP: 1/84 [shadow (6)]
 10142 | D:10     | Gained mutation: You expend magic power (3 MP) to
                  | strengthen your wands. [potion of mutation]
 10142 | D:10     | Gained mutation: Your mind is acute. (Int +2) [potion of
                  | mutation]
 10144 | D:10     | Annihilated by a shadow

Illustrated notes

Levels and vault maps discovered:
D:1:      nicolae_arrival_washed_ashore, layout_rooms, grunt_decor_cap,
          kennysheep_nondescript, kennysheep_crisscross,
          minmay_misc_feat_pillars
D:2:      layout_loops_corners, basic_altar, nicolae_ecumenical_snake_handling,
          minivault_25
D:3:      layout_basic, old_standard_altar, mainiacjoe_overflow_tiny_flanked,
          uniq_natasha
D:4:      layout_basic
D:5:      nicolae_cairo_tiling_large_dashed, layout_basic, zin_academy,
          kb_xom_exploding_sheep, makhleb_heckhound_becter,
          minmay_temple_entry_trees, serial_shops, nicolae_shop_behind_doors,
          minmay_mini_ossuary, uniq_ijyb, uniq_eustachio
D:6:      layout_cave_pools, tso_metal_star, gammafunk_ghost_arena,
          serial_column_ruins, column_ruins_hut, column_ruins_grid_1,
          column_ruins_open_small_water, column_ruins_open_tiny,
          column_ruins_grid_1, lightli_orcish_oven
D:7:      layout_rooms, mainiacjoe_overflow_six_doors_small
D:8:      layout_gridville
D:9:      layout_basic, kennysheep_little_box, grunt_livestock,
          minmay_protected_statue
D:10:     layout_small_grid, kennysheep_mini_moat, zombieorc1_lemuel,
          minmay_orc_keep
Temple:   dshaligram_water_room_temple

Skill      XL: |  1  2  3  4  5  6  7  8  9 10 11 |
---------------+----------------------------------+-----
Ice Magic      | 5 6 7 8 10 11 | 11.6
Fighting       | 1 2 3 4 5 6 7 |  7.3
Spellcasting   | 3 4 5 6 7 8 9 |  9.2
Shields        | 1 2 3 4 5 6 |  6.3
Armour         | 1 2 4 5 |  5.4
Air Magic      | 1 3 4 5 |  5.1
Conjurations   | 1 3 4 5 |  5.0
Poison Magic   | 1 |  1.4
Dodging        | |  2.2
Stealth        | |  1.8

Action                   |  1- 3 |  4- 6 |  7- 9 | 10-12 || total
-------------------------+-------+-------+-------+-------++-------
Melee: Unarmed           |    19 |     1 |       |       ||    20
       Punch             |     1 |       |       |       ||     1
       Dagger            |     9 |    45 |    78 |     9 ||   141
       Short sword       |     9 |       |       |       ||     9
       Rapier            |     3 |    21 |    41 |       ||    65
       Staff             |       |     4 |    48 |    34 ||    86
 Cast: Freeze            |    45 |    24 |    36 |    43 ||   148
       Frozen Ramparts   |     7 |    15 |    28 |    27 ||    77
       Ozocubu's Armour  |     1 |     7 |    18 |    16 ||    42
       Poisonous Vapours |       |       |     6 |     1 ||     7
       Shock             |       |       |    41 |    90 ||   131
       Hailstorm         |       |       |     6 |    31 ||    37
       Swiftness         |       |       |     2 |     4 ||     6
       Mephitic Cloud    |       |       |     1 |     3 ||     4
       Sandblast         |       |       |     1 |    15 ||    16
       Olgreb's Toxic Ra |       |       |       |     9 ||     9
       Ignite Poison     |       |       |       |     9 ||     9
 Abil: Hop               |     1 |     1 |       |     1 ||     3
  Use: Scroll            |       |       |    13 |     2 ||    15
       Potion            |       |       |     1 |     4 ||     5
 Stab: Sleeping          |     2 |       |       |       ||     2
Armor: Ring mail         |    23 |    35 |    56 |       ||   114
       Leather armour    |       |       |    52 |    79 ||   131
Dodge: Dodged            |    50 |    42 |   108 |    98 ||   298
Block: Buckler           |     7 |    29 |   102 |    87 ||   225
